 Dungeon Crawl Stone Soup version 0.20-a0-1109-ge3cd172 (webtiles) character file.

1642 seren the Cleaver (level 8, -1/96 HPs)
             Began as a Hill Orc Fighter on May 5, 2017.
             Was a Believer of Okawaru.
             Killed by divine providence
             ... invoked by an orc priest
              (15 damage)
             ... on level 6 of the Dungeon.
             The game lasted 00:18:47 (6582 turns).

seren the Cleaver (Hill Orc Fighter)                Turns: 6582, Time: 00:18:49

Health: -1/96      AC: 24    Str: 19    XL:     8   Next: 99%
Magic:  8/8        EV:  2    Int:  8    God:    Okawaru [**....]
Gold:   335        SH:  7    Dex: 12    Spells: 7/7 levels left

rFire    . . .     SeeInvis .   a - +0 war axe
rCold    . . .     Gourm    .   o - +2 buckler
rNeg     + + +     Faith    .   (armour currently unavailable)
rPois    +         Spirit   .   (helmet currently unavailable)
rElec    .         Reflect  .   (cloak currently unavailable)
rCorr    .         Harm     .   (gloves currently unavailable)
MR       .....     NoTele   +   (boots currently unavailable)
Stlth    +.........             (no amulet)
Regen    0.3/turn               k - ring of wizardry
MPRegen  0.2/turn               (no ring)

@: tree-form
A: no striking features
a: Heroism, Renounce Religion, Convert to Beogh


You were on level 6 of the Dungeon.
You worshipped Okawaru.
Okawaru was pleased with you.
You were hungry.
You were a tree.
You visited 1 branch of the dungeon, and saw 7 of its levels.

You collected 335 gold pieces.

Inventory:

Hand Weapons
 a - a +0 war axe (weapon)
 b - a +0 hunting sling
 p - a +0 broad axe
 C - a +2 whip of electrocution
Missiles
 h - 301 stones
 F - 2 throwing nets (quivered) {!f}
Armour
 c - a +0 shield
 g - a +0 pair of boots (melded)
 o - a +2 buckler (worn)
 w - a +2 helmet (melded)
 x - a +0 pair of gloves (melded)
 E - a +0 scale mail (melded)
Jewellery
 k - a ring of wizardry (left branch)
Wands
 J - a wand of polymorph (10/24)
Scrolls
 i - a scroll of immolation {unknown}
 l - a scroll of recharging
 n - 7 scrolls of teleportation
 q - 4 scrolls of remove curse
 r - 2 scrolls of magic mapping {unknown}
 s - a scroll of amnesia {unknown}
 y - 2 scrolls of fear
 H - a scroll of fog {unknown}
 I - a scroll of noise {unknown}
 M - a scroll of random uselessness {unknown}
Potions
 d - a potion of might
 e - a potion of haste {unknown}
 j - a potion of lignification
 m - 2 potions of invisibility {unknown}
 z - a potion of ambrosia {unknown}
 A - 5 potions of curing
 D - 2 potions of agility
 G - a potion of magic {unknown}
 K - a potion of cancellation {unknown}
 L - a potion of heal wounds {unknown}
Comestibles
 f - 6 bread rations
 t - 2 meat rations
 u - 6 fruits
 B - a royal jelly


   Skills:
 - Level 3.6 Fighting
 * Level 13.7 Axes
 - Level 3.2 Armour
 - Level 4.0 Shields


You had 7 spell levels left.
You didn't know any spells.

Dungeon Overview and Level Annotations

Branches:
Dungeon (7/15)
 Temple: D:4-7

Altars:
Dithmenos
Makhleb
Okawaru
Sif Muna
Trog
Uskayaw
Xom
Zin

Annotations:
D:3 Paps's ghost, amateur GrFi
D:5 exclusion: upstairs


Message History

You climb upwards.
There is a stone staircase leading down here.
You turn into a tree.
Your +2 helmet melds into your body.
Your +0 pair of gloves melds into your body.
Your +0 pair of boots melds into your body.
Your +0 scale mail melds into your body.
Your roots penetrate the ground.
The orc wizard gestures at you while chanting.
The puff of flame hits you!
* * * LOW HITPOINT WARNING * * *
The orc priest mumbles some strange prayers to Beogh against you.
Beogh smites you!
* * * LOW HITPOINT WARNING * * *
You hit the orc priest.
The orc priest is severely wounded.
You slash the orc wizard!
The orc wizard hits you but does no damage.
The orc priest invokes the aid of Beogh against you.
Beogh smites you!
You die...

.#####.<...#.# ##.####.....
.# #....(#.## #...##..... .#
###.###....#### ###.###....
.# #...#
###.....########.###^#..
.###.).#
##.###.................
.......#
#..........####.###.##.
.###.#.# #..........# #.#
#.#.. .....#.# #....o.....#
#.###...#
#......####.....♣....#
#...##..#
###..............o...#
###.##..#
#....####..........#
###..#..# ####.#
#..........# ##....#..#
#.######.##...#####.......##
#.#......####.####....÷.....
#.#.###### #........<...##.
#....# ######..........
#....# ##.....####


You could see an orc priest and an orc wizard.

Vanquished Creatures
  Pikel (D:5)
  An orc warrior (D:7)
  A slave (D:5)
  An ogre (D:5)
  A centaur (D:7)
  A big kobold (D:5)
  2 bullfrogs (D:7)
  A scorpion (D:4)
  4 crimson imps
  2 orc priests
  A hound (D:6)
  2 orc wizards
  A bullfrog skeleton (D:5)
  3 worker ants
  2 iguanas
  A hound zombie (D:7)
  2 hound skeletons
  11 adders
  3 gnolls (D:5)
  A shadow imp (D:6)
  An ooze (D:1)
  An adder skeleton (D:5)
  4 worms
  2 dart slugs
  4 leopard geckos
  4 orcs
  3 giant cockroaches
  2 goblins (D:2)
  6 hobgoblins
  5 jackals
  9 kobolds
  4 quokkas
  5 bats
  5 frilled lizards
  A jackal skeleton (D:7)
  A jackal zombie (D:5)
  A quokka zombie (D:7)
  5 rats
105 creatures vanquished.

Vanquished Creatures (others)
  A bullfrog (D:6)
  A hound (D:6)
  A worker ant (D:6)
3 creatures vanquished.

Grand Total: 108 creatures vanquished

Notes
Turn   | Place    | Note
-------+----------+-------------------------------------------
     0 | D:1      | seren the Hill Orc Fighter began the quest for the Orb.
     0 | D:1      | Reached XP level 1. HP: 19/19 MP: 1/1
   117 | D:1      | Reached skill level 3 in Axes
   265 | D:1      | Reached XP level 2. HP: 26/26 MP: 2/2
   505 | D:2      | Reached skill level 4 in Axes
   531 | D:2      | Reached XP level 3. HP: 5/31 MP: 3/3
   914 | D:2      | Found an iron altar of Okawaru.
   926 | D:2      | Became a worshipper of Warmaster Okawaru
  1248 | D:2      | Reached skill level 5 in Axes
  1354 | D:2      | Reached XP level 4. HP: 25/39 MP: 4/4
  1626 | D:2      | Found a deep blue altar of Sif Muna.
  1987 | D:2      | Reached skill level 6 in Axes
  2700 | D:3      | Noticed Paps's ghost (amateur GrFi)
  2790 | D:3      | Found a shadowy altar of Dithmenos.
  2791 | D:3      | Found a hide-covered altar of Uskayaw.
  3102 | D:3      | Reached XP level 5. HP: 39/45 MP: 5/5
  3794 | D:4      | Reached skill level 7 in Axes
  4351 | D:5      | Entered Level 5 of the Dungeon
  4367 | D:5      | Reached XP level 6. HP: 45/51 MP: 6/6
  4493 | D:5      | Reached skill level 8 in Axes
  4625 | D:5      | Reached * piety under Okawaru
  4625 | D:5      | Reached skill level 9 in Axes
  4666 | D:5      | Reached XP level 7. HP: 34/57 MP: 7/7
  5238 | D:5      | Reached skill level 10 in Axes
  5368 | D:5      | Found a burning altar of Makhleb.
  5553 | D:6      | Found a bloodstained altar of Trog.
  5586 | D:6      | Noticed Pikel
  5598 | D:5      | Killed Pikel
  5598 | D:5      | Reached skill level 12 in Axes
  5598 | D:5      | Reached XP level 8. HP: 34/64 MP: 8/8
  6092 | D:7      | Found a shimmering altar of Xom.
  6092 | D:7      | Found a glowing silver altar of Zin.
  6092 | D:7      | Noticed an angel
  6230 | D:7      | Reached ** piety under Okawaru
  6230 | D:7      | Reached skill level 13 in Axes
  6582 | D:6      | Killed from afar by an orc priest

Vault maps used:
D:1:      dpeg_arrival_prison
D:2:      lemuel_blue_sif_altar, marbit_many_paths, kennysheep_boxes
D:3:      nicolae_overflow_hidden_temple, first_bread
D:5:      demons_altar
D:6:      lemuel_crystal_altar, uniq_pikel
D:7:      grunt_temple_overflow_order_and_chaos_1,
          minmay_temple_entry_steel_oval

Skill      XL: |  1  2  3  4  5  6  7  8 |
---------------+-------------------------+-----
Axes           | 3 4 5 6 7 9 12 13 | 13.7
Shields        | 4 |  4.0
Fighting       | |  3.6
Armour         | |  3.2

Action                   |  1- 3 |  4- 6 |  7- 9 || total
-------------------------+-------+-------+-------++-------
Melee: War axe           |   108 |   181 |   150 ||   439
  Use: Potion            |     1 |       |     2 ||     3
       Scroll            |       |       |     7 ||     7
  Eat: Chunk             |     1 |    10 |     6 ||    17
       Fruit             |       |     1 |       ||     1
Armor: Scale mail        |    40 |    67 |    51 ||   158
       Skin              |       |       |     1 ||     1
Dodge: Dodged            |    61 |    59 |    51 ||   171
Block: Shield            |    23 |       |       ||    23
       Buckler           |       |    48 |    35 ||    83
